 Seeded DCSS version 0.29.1-15-g9cfb28693d (webtiles) character file.

Game seed: 14669342937109275278 (custom seed)

666 Psyclone the Firebug (level 7, -7/36 HPs)
             Began as a Deep Elf Fire Elementalist on Sept 27, 2023.
             Mangled by Duvessa
             ... wielding a +0 short sword
              (13 damage)
             ... on level 5 of the Dungeon.
             The game lasted 00:23:31 (6233 turns).

Psyclone the Firebug (Deep Elf Fire Elementalist)   Turns: 6233, Time: 00:23:31

Health: -7/36      AC:  5    Str:  1    XL:     7   Next: 31%
Magic:  11/18      EV: 12    Int: 24    God:
Gold:   310        SH:  0    Dex: 15    Spells: 4/18 levels left

rFire   + . .      SeeInvis .   a - +0 rapier
rCold   + . .      Faith    .   (no shield)
rNeg    + + +      Spirit   .   e - +0 robe
rPois   .          Reflect  .   d - +1 hat of Refuge {Will+ Int+2}
rElec   .          Harm     .   t - +1 cloak
rCorr   .          Rampage  .   (no gloves)
Will    +....      Rage     3%  (no boots)
Stlth   ++........              (no amulet)
HPRegen 0.12/turn               i - +4 ring of slaying
MPRegen 0.16/turn               o - ring "Imomil" {rF+ rC+ rN+++ Str-4}

@: very slightly contaminated
A: berserk 1
a: no special abilities


You were on level 5 of the Dungeon.
You visited 1 branch of the dungeon, and saw 5 of its levels.

You collected 366 gold pieces.
You spent 56 gold pieces at shops.

Inventory:

Hand Weapons
 a - a +0 rapier (weapon)
Missiles
 f - a throwing net {!f}
Armour
 d - the +1 hat of Refuge (worn) {Will+ Int+2}
   (You acquired it on level 3 of the Dungeon)

   Int:       It affects your intelligence (+2).
   Will:      It increases your willpower.
 e - a +0 robe (worn)
 t - a +1 cloak (worn)
Jewellery
 i - a +4 ring of slaying (left hand)
 o - the ring "Imomil" (right hand) {rF+ rC+ rN+++ Str-4}
   (You found it on level 3 of the Dungeon)

   [ring of protection from cold]

   Str:       It affects your strength (-4).
   rF:        It protects you from fire.
   rC:        It protects you from cold.
   rN:        It renders you almost immune to negative energy.
Wands
 k - a wand of charming (7)
 s - a wand of flame (38)
Scrolls
 c - a scroll of blinking
 h - a scroll of fog
 j - 3 scrolls of magic mapping
 l - 2 scrolls of torment
 n - a scroll of identify {@r1}
 p - 2 scrolls of immolation
 r - 2 scrolls of summoning
 u - a scroll of vulnerability
Potions
 g - a potion of flight
 m - a potion of curing


   Skills:
 - Level 2.4 Dodging
 - Level 2.4 Stealth
 - Level 6.0 Spellcasting
 * Level 5.7 Conjurations
 - Level 6.0 Fire Magic


You had 4 spell levels left.
You knew the following spells:

 Your Spells              Type           Power      Damage    Failure   Level
a - Foxfire               Conj/Fire      100%       2x1d9     1%          1
b - Magic Dart            Conj           100%       1d8       1%          1
c - Conjure Flame         Conj/Fire      35%        6-21      2%          3
d - Scorch                Fire           72%        2d8       1%          2
e - Inner Flame           Hex/Fire       21%        N/A       7%          3
f - Flame Wave            Conj/Fire      35%        2d10      7%          4

Your spell library contained the following spells:

 Spells                   Type           Power      Damage    Failure   Level
 Mephitic Cloud           Conj/Pois/Air  16%        N/A       11%         3
 Call Imp                 Summ           7%         N/A       12%         2
 Fireball                 Conj/Fire      17%        3d9       21%         5
 Starburst                Conj/Fire      17%        6d6       73%         6
 Ignition                 Fire           18%        3d7       100%        8


Dungeon Overview and Level Annotations

Branches:
Dungeon (5/15) Zot: 23752
 Temple: D:4-7

Altars:
Qazlal

Shops:
D:1 ?   D:3 *

Annotations:
D:5 Duvessa


Innate Abilities, Weirdness & Mutations

You sometimes lose your temper in combat.


Message History

Duvessa is severely wounded.
The flame wave engulfs Dowan!
You kill Dowan!
Duvessa screams in rage.
Duvessa goes berserk! (Press . to intensify the flame waves.) Duvessa hits you with a +0 short sword!
You take 11 damage, and have 12/36 hp.
MASSIVE DAMAGE!!
You now have 14/18 mp.
A wave of flame ripples out!
The flame wave engulfs Duvessa!
Duvessa is almost dead.
Duvessa closely misses you. Duvessa hits you with a +0 short sword!
* * * LOW HITPOINT WARNING * * *
You take 7 damage, and have 5/36 hp.
You feel much better. Duvessa hits you with a +0 short sword!
You regained 8 hp, and now have 13/36 hp.
Casting: Flame Wave (quite dangerous; 7% risk of failure)
Confirm with . or Enter, or press ? or * to list all spells.
You conjure some foxfire!
Duvessa hits you with a +0 short sword. Duvessa hits you with a +0 short sword!
* * * LOW HITPOINT WARNING * * *
You take 9 damage, and have 4/36 hp.
MASSIVE DAMAGE!!
You now have 13/18 mp.
You feel much better.
The foxfire hits Duvessa but does no damage.
Duvessa is almost dead.
The foxfire hits Duvessa.
Duvessa is almost dead.
Duvessa hits you but does no damage.
You regained 14 hp, and now have 18/36 hp.
Casting: Foxfire (safe; 1% risk of failure)
Confirm with . or Enter, or press ? or * to list all spells.
You conjure some foxfire!
Duvessa closely misses you. Duvessa hits you with a +0 short sword!
* * * LOW HITPOINT WARNING * * *
You take 13 damage, and have 5/36 hp.
MASSIVE DAMAGE!!
You now have 12/18 mp.
Casting: Foxfire (safe; 1% risk of failure)
Confirm with . or Enter, or press ? or * to list all spells.
You conjure some foxfire!
The foxfire hits Duvessa.
Duvessa is almost dead.
Duvessa hits you with a +0 short sword!
You die...

....$ .... ##+#...
.. #..... .. #....
.# #... .#
####v#####.#
#..e@v...#.#
#...v§.#.#.#
+..)§..+...#
#......#.###
#......#.#
#.†....#.#########
#......#.#.......#
#......#.#.#####.#
#......#.#.# #.#


You could see Duvessa (berserk, ally target).

Vanquished Creatures
  Grinder (D:4)
  An ogre (D:4)
  Dowan (D:5)
  2 jellies
  Jessica (D:2)
  Ijyb (D:4)
  An iguana (D:4)
  2 orc wizards (D:4)
  7 adders
  4 worms
  2 dart slugs
  9 orcs
  A ball python (D:4)
  5 endoplasms
  3 giant cockroaches (D:1)
  3 goblins
  4 hobgoblins
  4 jackals (D:3)
  2 quokkas
  4 bats
  5 frilled lizards
  6 kobolds
  5 rats
74 creatures vanquished.

Vanquished Creatures (others)
  439 foxfires
439 creatures vanquished.

Grand Total: 513 creatures vanquished

Notes
Turn   | Place    | Note
-------+----------+-------------------------------------------
     0 | D:1      | Psyclone the Deep Elf Fire Elementalist began the quest for
                  | the Orb.
     0 | D:1      | Reached XP level 1. HP: 10/10 MP: 6/6
   490 | D:1      | Reached XP level 2. HP: 15/15 MP: 2/8
   548 | D:1      | Found Fuuduirr's Magic Scroll Boutique.
   611 | D:1      | Learned a level 1 spell: Magic Dart
  1796 | D:2      | Reached XP level 3. HP: 19/19 MP: 4/9
  1800 | D:2      | Learned a level 3 spell: Inner Flame
  2068 | D:2      | Reached skill level 5 in Fire Magic
  2510 | D:2      | Reached XP level 4. HP: 20/24 MP: 6/10
  2556 | D:2      | Noticed Jessica
  2563 | D:2      | Killed Jessica
  2921 | D:2      | Learned a level 3 spell: Conjure Flame
  3227 | D:3      | You fall into a shaft and drop 1 floor!
  3401 | D:3      | Found Duomir's Assorted Antiques.
  3415 | D:3      | Bought a scroll labelled CEOFEO GIXO for 28 gold pieces
  3415 | D:3      | Bought a scroll labelled MUEMAN ORUADGH for 28 gold pieces
  4229 | D:3      | Identified the ring "Imomil" {rF+ rC+ rN+++ Str-4}
  4745 | D:3      | Identified a scroll of acquirement
  4745 | D:3      | Acquired the +1 hat of Refuge {Will+ Int+2}
  4808 | D:4      | Found a stormy altar of Qazlal.
  4836 | D:4      | Reached XP level 5. HP: 28/28 MP: 6/12
  4942 | D:4      | Noticed Grinder
  4948 | D:4      | Noticed an ogre
  4949 | D:4      | Killed Grinder
  4950 | D:4      | Reached skill level 5 in Spellcasting
  4950 | D:4      | Reached XP level 6. HP: 32/32 MP: 5/15
  5361 | D:4      | Gained mutation: You sometimes lose your temper in combat.
                  | [potion of mutation]
  5392 | D:4      | Reached XP level 7. HP: 36/36 MP: 8/18
  5517 | D:4      | Noticed Ijyb
  5531 | D:4      | Killed Ijyb
  5532 | D:4      | Reached skill level 5 in Conjurations
  5850 | D:5      | Entered Level 5 of the Dungeon
  6165 | D:5      | Learned a level 2 spell: Scorch
  6170 | D:5      | Learned a level 4 spell: Flame Wave
  6215 | D:5      | Noticed Duvessa
  6216 | D:5      | Noticed Dowan
  6227 | D:5      | Killed Dowan
  6233 | D:5      | Mangled by Duvessa

Illustrated notes

Levels and vault maps discovered:
D:1:      dpeg_arrival_brainrot, layout_basic, serial_shops, shop_coins
D:2:      layout_basic, uniq_jessica
D:3:      wander_river, layout_basic, serial_shops, nicolae_shop_trees,
          minivault_5, minmay_strange_pillars
D:4:      layout_rooms, mainiacjoe_overflow_cross_hatched, minmay_hedge_maze,
          uniq_ijyb, uniq_grinder
D:5:      layout_basic, mainiacjoe_overflow_six_doors_small, uniq_duvessa

Skill      XL: |  1  2  3  4  5  6  7 |
---------------+----------------------+-----
Fire Magic     | 4 5 6 |  6.0
Conjurations   | 2 3 4 5 |  5.7
Spellcasting   | 5 6 |  6.0
Dodging        | |  2.4
Stealth        | |  2.4

Action                   |  1- 3 |  4- 6 |  7- 9 || total
-------------------------+-------+-------+-------++-------
 Cast: Foxfire           |   107 |   115 |    39 ||   261
       Flame Wave        |       |       |     2 ||     2
  Use: Scroll            |     6 |     8 |     2 ||    16
       Potion            |     3 |     2 |     3 ||     8
Armor: Robe              |     2 |     2 |     2 ||     6
Dodge: Dodged            |     9 |     3 |     4 ||    16
